 Dungeon Crawl Stone Soup version 0.28-b1-25-g9875b3fc8c (webtiles) character file.

Game seed: 6612359118002496397

1 zeram the Sneak (level 1, 0/11 HPs)
             Began as an Octopode Enchanter on Feb 2, 2022.
             Slain by a giant cockroach (1 damage)
             ... on level 1 of the Dungeon.
             The game lasted 00:00:15 (46 turns).

zeram the Sneak (Octopode Enchanter)                  Turns: 46, Time: 00:00:16

Health: 0/11       AC:  1    Str:  7    XL:     1   Next: 20%
Magic:  3/3        EV: 13    Int: 17    God:
Gold:   0          SH:  0    Dex: 12    Spells: 4/4 levels left

rFire   . . .      SeeInvis .   a - +1 dagger
rCold   . . .      Faith    .   (no shield)
rNeg    . . .      Spirit   .   (helmet restricted)
rPois   .          Reflect  .   (no amulet)
rElec   .          Harm     .   (no ring)
rCorr   .          Rampage  .   (no ring)
Will    .....                   (no ring)
Stlth   +++.......              (no ring)
HPRegen 0.03/turn               (no ring)
MPRegen 0.08/turn               (no ring)
                                (no ring)
                                (no ring)

@: no status effects
A: almost no armour, amphibious, 8 rings, camouflage 1, gelatinous body 1,
(nimble swimmer 1), tentacles
a: no special abilities


You were on level 1 of the Dungeon.
You visited 1 branch of the dungeon, and saw 1 of its levels.

Inventory:

Hand Weapons
 a - a +1 dagger (weapon)
Potions
 b - a potion of invisibility


   Skills:
 + Level 1.0 Short Blades
 + Level 2.0 Dodging
 + Level 4.1 Stealth
 + Level 2.0 Spellcasting
 + Level 3.0 Hexes


You had 4 spell levels left.
You didn't know any spells.
Your spell library contained the following spells:

 Spells                   Type           Power      Damage    Failure   Level
 Ensorcelled Hibernation  Hex/Ice        12%        N/A       16%         2
 Confusing Touch          Hex            11%        N/A       17%         3
 Tukima's Dance           Hex            11%        N/A       17%         3
 Static Discharge         Conj/Air       1%         N/A       28%         2
 Dazzling Flash           Conj/Hex       12%        N/A       30%         3
 Lightning Bolt           Conj/Air       0%         1d11      99%         5
 Maxwell's Capacitive Co  Air            0%         ∞         100%        8


Dungeon Overview and Level Annotations

Branches:
Dungeon (1/15)

Altars:


Innate Abilities, Weirdness & Mutations

You cannot wear most types of armour.
You are amphibious.
You can wear up to eight rings at the same time.
Your skin changes colour to match your surroundings (Stealth+).
Your rubbery body absorbs attacks. (AC +1, EV +1)
((You are camouflaged when in or above water. (Stealth+)))
You have tentacles for arms and can constrict up to eight enemies at once.


Message History

You hit the goblin. Your grab misses the goblin.
Your squeeze misses the goblin.
The goblin is heavily wounded.
The goblin closely misses you.
You hit the goblin.
You kill the goblin!
No target in view!
No target in view!
Okay, then.
A goblin comes into view. It is wielding a +1 dagger of freezing.
Found a stone staircase leading down.
You see here a +0 club.
A goblin is nearby!
A goblin is nearby!
A goblin is nearby!
The goblin shouts!
You hear a shout!
A hobgoblin comes into view.
A giant cockroach comes into view.
Found 20 sling bullets.
The goblin hits you with a +1 dagger of freezing.
The goblin freezes you.
You barely miss the goblin. You grab the goblin. You constrict the goblin.
You hit the goblin.
The goblin is heavily wounded.
You constrict the goblin.
The goblin hits you with a +1 dagger of freezing.
The goblin freezes you. The giant cockroach misses you.
You are too injured to fight recklessly!
You release your grip on the goblin.
The goblin hits you with a +1 dagger of freezing.
* * * LOW HITPOINT WARNING * * *
The goblin freezes you.
* * * LOW HITPOINT WARNING * * *
A bat comes into view.
The bat moves out of view.
You hit the giant cockroach but do no damage.
You grab the giant cockroach.
You constrict the giant cockroach, but do no damage.
The giant cockroach bites you.
You die...

#### . #.. ...
########.######..#
#......>..#(.....##
#.......ggB@.b.....
#.........#####.###
#.........#
######.############
#...#...≈≈§≈...# ♣♣#♣#
#.#.#..........#♣♣.'.#
#.)8#....≈≈....#♣.♣#.#
#...'.......)..#♣.♣#.#
#...'..........'.♣♣#.#


You could see a giant cockroach, a hobgoblin, a goblin and a bat.

Vanquished Creatures
  A goblin (D:1)
1 creature vanquished.

Notes
Turn   | Place    | Note
-------+----------+-------------------------------------------
     0 | D:1      | zeram the Octopode Enchanter began the quest for the Orb.
     0 | D:1      | Reached XP level 1. HP: 11/11 MP: 3/3
    46 | D:1      | Slain by a giant cockroach

Illustrated notes

Levels and vault maps discovered:
D:1:      scummos_arrival_gate, layout_rooms, serial_shops, shop,
          chequers_ecumenical_altar_twisty

Action                   || total
-------------------------++-------
Melee: Dagger            ||     5
       Constrict         ||     2
Dodge: Dodged            ||     2
